cohdb
Replays
Latest Replays
All Replays
Popular Replays
Top Player Replays
Match Explorer
How It Works
Community
CoH3 Stats
Reddit
Sign in to upload your games and track your stats! →
Sign in with Steam
Match 42791512
Unlisted
Match 42791512
Overview
Messages
Build Orders
End
Royal Engineer Section
Construct Section Command Post
Selects Indian Artillery Battlegroup
Selects Indian Artillery Battlegroup
Dingo Light Scout Car
Vickers Machine Gun Team
ML 3-inch Mortar Team
Construct Platoon Command Post
Unlock Bishop Self-propelled Artillery
Selects Valour
Humber Armored Car
Selects Gurkha Rifles Section
Gurkha Rifles Section
Infantry Training
Gurkha Rifles Section
CMP 15cwt Truck
Construct Field Infirmary
Gurkha Rifles Section
Brother
BorderRnR
Vincent
Pacman
0
0
Comments
sign in to comment!
No comments posted yet!